Map: Arctic Dream LE

Players

Shiro - Winner!

  • Race: Protoss Protoss
  • Spawn Location: 11:00

A.I. 1 (Elite)

  • Race: Terran Terran
  • Spawn Location: 5:00

VOD

Have the link to the VOD?

Description

Time

  • Played on: May 9, 2020, 8:11 a.m.
  • Length: 7:30
Show
View Real Time Build Order
Export as new Build Order

Shiro Protoss - Winner!

Build Orders:  

Get SALT Encoding   

  12  0:01  Probe  
  13  0:13  Probe  
  14  0:17  Pylon  
  14  0:25  Probe  
  15  0:36  Gateway  
  15  0:38  Probe (Chrono Boost)  
  16  0:46  Probe (Chrono Boost)  
  16  0:47  Assimilator  
  17  0:52  Probe  
  17  0:56  Assimilator  
  18  1:04  Probe  
  18  1:08  Gateway  
  19  1:16  Probe  
  20  1:23  Cybernetics Core  
  20  1:28  Probe  
  21  1:34  Pylon  
  21  1:40  Probe  
  22  1:55  Warp Gate (Chrono Boost)  
  22  1:59  Stalker  
  22  2:00  Stalker  
  26  2:14  Robotics Facility  
  26  2:22  Gateway  
  26  2:30  Stalker  
  26  2:32  Stalker  
  30  2:43  Gateway  
  30  2:49  Pylon  
  30  3:04  Warp Prism (Chrono Boost)  
  32  3:18  Pylon  
  32  3:31  Stalker  
  32  3:32  Stalker  
  36  3:35  Stalker  
  38  3:43  Stalker  
  40  3:52  Pylon  
  40  4:09  Stalker x2  
  44  4:13  Stalker  
  46  4:19  Observer  
  45  4:39  Stalker x3  
  51  4:47  Stalker  
  53  5:04  Pylon  
  53  5:05  Stalker  
  55  6:06  Stalker  
  55  6:07  Stalker x3  
Show
View Real Time Build Order
Export as new Build Order

A.I. 1 (Elite) Terran 

Build Orders:  

Get SALT Encoding   

  12  0:00  SCV  
  13  0:13  SCV  
  14  0:17  Supply Depot  
  14  0:25  SCV  
  15  0:38  SCV  
  16  0:43  Barracks  
  16  0:51  SCV  
  17  1:03  SCV  
  18  1:09  Refinery  
  18  1:10  Supply Depot  
  18  1:15  SCV  
  19  1:27  SCV  
  19  1:32  Marine  
  21  1:41  Command Center  
  21  2:04  Barracks  
  21  2:05  SCV  
  22  2:09  Marine  
  22  2:12  Factory  
  23  2:17  SCV  
  23  2:21  Supply Depot  
  24  2:27  Marine  
  24  2:29  SCV  
  26  2:41  SCV  
  27  2:45  Marine  
  28  2:53  SCV, Orbital Command  
  28  2:57  Factory Tech Lab  
  29  3:00  Refinery  
  29  3:08  Orbital Command  
  29  3:11  Marine  
  30  3:14  Marine  
  30  3:19  SCV  
  32  3:29  Marine  
  32  3:31  SCV, Marine  
  32  3:33  SCV  
  36  3:40  Barracks  
  36  3:43  SCV  
  36  3:46  SCV  
  36  3:47  Marine  
  39  3:50  Barracks Tech Lab  
  39  3:55  Supply Depot, SCV  
  40  3:58  SCV  
  40  4:05  Barracks Tech Lab  
  40  4:07  SCV  
  40  4:08  Marine  
  42  4:10  SCV  
  42  4:13  Siege Tank  
  46  4:19  SCV  
  46  4:22  SCV  
  46  4:24  Marine  
  48  4:26  Marine  
  48  4:27  Marine  
  42  4:31  SCV  
  42  4:34  SCV  
  43  4:41  Marine  
  43  4:44  Marine  
  43  4:45  Hellion  
  48  4:46  SCV  
  48  4:50  Refinery  
  43  4:53  SCV  
  43  4:58  SCV  
  43  5:02  Marine  
  43  5:05  SCV  
  43  5:10  SCV  
  39  5:21  SCV, Barracks Tech Lab  
  39  5:23  SCV  
  34  5:35  SCV  
  34  5:39  SCV  
  34  5:48  SCV  
  35  5:52  Supply Depot  
  35  5:57  SCV  
  37  6:05  Barracks  
  14  6:28  Supply Depot  
  14  6:44  SCV  
  14  6:54  Barracks Tech Lab  
  14  6:56  SCV  
  15  7:06  Supply Depot  
  14  7:08  SCV  
Tags
 
Add a new tag
Caveats
  • Supply blocks, unpowered buildings, or Contaminate may cause inaccurate times.
  • Supply counts are checked every 10 seconds.